 Dungeon Crawl Stone Soup version 0.16.1-5-gaa23807 (webtiles) character file.

927 Fluffy the Cleaver (level 8, -1/64 HPs)
             Began as a Hill Orc Fighter on Mar 28, 2015.
             Slain by Prince Ribbit (11 damage)
             ... on level 6 of the Dungeon.
             The game lasted 00:08:47 (4355 turns).

Fluffy the Cleaver (Hill Orc Fighter)               Turns: 4355, Time: 00:08:48

Health: -1/64      AC: 11    Str: 21    XL:     8   Next: 10%
Magic:  8/8        EV:  7    Int:  8    God:
Gold:   268        SH:  9    Dex: 10    Spells: 0 memorised, 7 levels left

rFire  . . .     SeeInvis .     a - +0 war axe
rCold  . . .     Clarity  .     b - +0 scale mail
rNeg   . . .     SustAb   .     c - +0 shield
rPois  .         Gourm    .     (no helmet)
rElec  .         Spirit   .     (no cloak)
rCorr  .         Warding  .     A - +0 pair of gloves
rMut   .         Stasis   .     i - +2 pair of boots
MR     .....                    (no amulet)
Stlth  ..........               (no ring)
                                (no ring)

@: not resistant to hostile enchantments, extremely unstealthy
A: no striking features
a: no special abilities


You were on level 6 of the Dungeon.
You were hungry.

You visited 1 branch of the dungeon, and saw 6 of its levels.

You collected 268 gold pieces.

Inventory:

Hand weapons
 a - a +0 war axe (weapon)
Armour
 b - a +0 scale mail (worn)
 c - a +0 shield (worn)
 i - a +2 pair of boots (worn)
 A - a +0 pair of gloves (worn)
Magical devices
 r - a wand of slowing (26)
Scrolls
 h - 5 scrolls of recharging {unknown}
 j - 5 scrolls of identify {unknown}
 k - a scroll of enchant weapon {unknown}
 n - a scroll of noise {unknown}
 s - a scroll of remove curse {unknown}
 u - 2 scrolls of teleportation {unknown}
 v - 2 scrolls of blinking {unknown}
 y - a scroll of fear {unknown}
 z - a scroll of enchant armour {unknown}
Potions
 e - 2 potions of might
 f - a potion of beneficial mutation {unknown}
 l - 3 potions of heal wounds {unknown}
 m - 3 potions of curing {unknown}
 o - a potion of restore abilities {unknown}
 p - a potion of haste {unknown}
 t - 2 potions of flight {unknown}
 B - a potion of resistance {unknown}
 C - a potion of poison {unknown}
 E - a potion of brilliance {unknown}
Comestibles
 d - 2 meat rations
 g - 6 bread rations
 q - 2 fruits
 w - a beef jerky
 x - a slice of pizza


   Skills:
 - Level 3.6 Fighting
 + Level 11.8 Axes
 - Level 3.2 Armour
 - Level 3.2 Shields


You had 7 spell levels left.
You didn't know any spells.

Dungeon Overview and Level Annotations

Branches:
Dungeon (6/15)
 Temple: D:4-7

Altars:
Ashenzari
Dithmenos
Fedhas
Kikubaaqudgha
Nemelex Xobeh
Ru
Sif Muna
Xom
Zin
The Shining One

Shops:
D:6 [

Annotations:
D:6 Prince Ribbit


Message History

You completely miss Prince Ribbit.
Prince Ribbit is heavily wounded.
Prince Ribbit blinks!
Prince Ribbit catches a wasp with his tongue.
Prince Ribbit closely misses you.
There is a stone staircase leading up here.
Prince Ribbit momentarily phases out as your attack passes through him.
Prince Ribbit is heavily wounded.
Prince Ribbit hits you!
* * * LOW HITPOINT WARNING * * *
Prince Ribbit hits you.
* * * LOW HITPOINT WARNING * * *
You miss Prince Ribbit.
Prince Ribbit is heavily wounded.
Prince Ribbit hits you.
* * * LOW HITPOINT WARNING * * *
Prince Ribbit momentarily phases out as your attack passes through him.
Prince Ribbit is heavily wounded.
Prince Ribbit hits you!
You die...

... ....[... .. #.##..#..##.#
##..##.)>..)...
..#.........##...
......>...##....#
..#...##.##..##....# ....#
#.........#.#
.....###......F#...# .
..............@.##..### .
#.....).............# #
###...........##..#.### ###
#.......##..(#......... ..
#.....#8.8.8..............##.
#....##.⌠[⌠.....###.......##.
..#.. #8.∩.8###.###..?....##s
#... #.⌠.⌠....(.##.........g
.#. #8.8.8###.>##..(....oo.


You could see Prince Ribbit.

Vanquished Creatures
  A necrophage (D:5)
  An ogre (D:4)
  A phantom (D:5)
  2 scorpions
  A giant frog zombie (D:5)
  A jelly (D:6)
  A centaur zombie (D:5)
  A centaur skeleton (D:4)
  An orc priest (D:5)
  8 worker ants
  Ijyb (D:4)
  8 adders
  2 giant mites (D:5)
  3 worms
  3 adder skeletons
  An ooze (D:4)
  5 giant geckos
  6 orcs
  A ball python (D:2)
  7 bats
  4 giant cockroaches
  16 goblins
  9 hobgoblins
  2 jackals (D:2)
  2 quokkas
  10 giant newts
  13 kobolds
  8 rats
119 creatures vanquished.

Notes
Turn   | Place    | Note
--------------------------------------------------------------
     0 | D:1      | Fluffy, the Hill Orc Fighter, began the quest for the Orb.
     0 | D:1      | Reached XP level 1. HP: 19/19 MP: 1/1
    71 | D:1      | Reached XP level 2. HP: 24/26 MP: 2/2
   283 | D:1      | Reached skill level 4 in Axes
   801 | D:2      | Reached XP level 3. HP: 31/31 MP: 3/3
   980 | D:2      | Found a sacrificial altar of Ru.
  1033 | D:2      | Reached skill level 5 in Axes
  1134 | D:2      | Found a blossoming altar of Fedhas.
  1147 | D:2      | Found a shattered altar of Ashenzari.
  1150 | D:2      | Found a shimmering altar of Xom.
  1341 | D:2      | Reached XP level 4. HP: 35/39 MP: 4/4
  1481 | D:3      | Reached skill level 6 in Axes
  1648 | D:3      | Reached XP level 5. HP: 39/45 MP: 5/5
  1837 | D:3      | Found a shadowy altar of Dithmenos.
  1847 | D:3      | Reached skill level 7 in Axes
  2500 | D:4      | Reached skill level 8 in Axes
  2515 | D:4      | Noticed an ogre
  2524 | D:4      | Killed an ogre
  2524 | D:4      | Reached XP level 6. HP: 41/51 MP: 6/6
  2554 | D:4      | Noticed Ijyb
  2572 | D:4      | Killed Ijyb
  2572 | D:4      | Reached skill level 9 in Axes
  2918 | D:4      | Reached XP level 7. HP: 49/57 MP: 7/7
  3170 | D:5      | Entered Level 5 of the Dungeon
  3240 | D:5      | Found a glowing silver altar of Zin.
  3240 | D:5      | Found a sparkling altar of Nemelex Xobeh.
  3241 | D:5      | Found a glowing golden altar of the Shining One.
  3356 | D:5      | Found a deep blue altar of Sif Muna.
  3387 | D:5      | Reached skill level 10 in Axes
  3616 | D:5      | Reached skill level 11 in Axes
  3849 | D:5      | Reached XP level 8. HP: 35/64 MP: 8/8
  4018 | D:5      | Found an ancient bone altar of Kikubaaqudgha.
  4167 | D:6      | Found Seunaus' Antique Armour Shoppe.
  4325 | D:6      | Noticed Prince Ribbit
  4355 | D:6      | Slain by Prince Ribbit

Action                   |  1- 3 |  4- 6 |  7- 9 || total
-------------------------+-------+-------+-------++-------
Melee: War axe           |   153 |   171 |   171 ||   495
  Eat: Chunk             |     2 |     5 |     4 ||    11
